 Dungeon Crawl Stone Soup version 0.28.0-53-g5a82cb258f (webtiles) character file.

Game seed: 314945248944176503

3234 Romesagentofchaos the Cleaver (level 9, -7/79 HPs)
             Began as a Hill Orc Fighter on Aug 3, 2022.
             Was a Follower of Beogh.
             Mangled by a skeletal warrior
             ... wielding a +0 trident
             ... led by a skeletal warrior
              (10 damage)
             ... on level 7 of the Dungeon.
             The game lasted 00:42:56 (7769 turns).

Romesagentofchaos the Cleaver (Hill Orc Fighter)    Turns: 7769, Time: 00:42:56

Health: -7/79      AC: 15    Str: 32    XL:     9   Next: 98%
Magic:  9/9        EV: 11    Int: 13    God:    Beogh [*.....]
Gold:   54         SH:  5    Dex: 10    Spells: 8/8 levels left

rFire   x . .      SeeInvis .   a - +0 war axe
rCold   . . .      Faith    .   c - +0 buckler
rNeg    . . .      Spirit   .   x - +1 ring mail "Nacef" {rF- Str+3 Int+5}
rPois   .          Reflect  .   (no helmet)
rElec   .          Harm     .   r - +1 cloak
rCorr   .          Rampage  .   (no gloves)
Will    .....                   y - +0 pair of boots
Stlth   ++........              (no amulet)
HPRegen 0.23/turn               z - +6 ring of strength
MPRegen 0.11/turn               h - +4 ring of protection

@: no status effects
A: camouflage 1
a: Renounce Religion


You were on level 7 of the Dungeon.
You worshipped Beogh.
Beogh was aware of your devotion.
You visited 1 branch of the dungeon, and saw 7 of its levels.

You collected 423 gold pieces.
You spent 369 gold pieces at shops.

Inventory:

Hand Weapons
 a - a +0 war axe (weapon)
Missiles
 d - 5 boomerangs (quivered)
 k - 4 throwing nets
Armour
 b - a +0 scale mail
 c - a +0 buckler (worn)
 q - a scarf of invisibility
 r - a +1 cloak (worn)
 x - the +1 ring mail "Nacef" (worn) {rF- Str+3 Int+5}
   (You found it on level 6 of the Dungeon)

   Str:       It affects your strength (+3).
   Int:       It affects your intelligence (+5).
   rF:        It makes you vulnerable to fire.
 y - a +0 pair of boots (worn)
Jewellery
 f - a ring of positive energy
 h - a +4 ring of protection (right hand)
 p - a ring of ice
 w - a ring of flight
 z - a +6 ring of strength (left hand)
Wands
 v - a wand of polymorph (9)
Scrolls
 e - a scroll of blinking
 i - 2 scrolls of teleportation
 j - 2 scrolls of immolation
 m - 2 scrolls of fear
Potions
 l - 3 potions of flight
 n - a potion of brilliance


   Skills:
 + Level 7.5 Fighting
 + Level 11.8 Axes
 + Level 2.8 Throwing
 + Level 7.1 Armour
 + Level 2.9 Dodging
 + Level 1.6 Stealth
 + Level 5.2 Shields
 + Level 0.1 Evocations


You had 8 spell levels left.
You didn't know any spells.
Your spell library contained the following spells:

 Spells                   Type           Power      Damage    Failure   Level
 Sting                    Tmut/Pois      0%         1d3       47%         1
 Poisonous Vapours        Pois/Air       0%         N/A       63%         2
 Scorch                   Fire           0%         2d5       63%         2
 Ozocubu's Armour         Ice            0%         N/A       85%         3
 Flame Wave               Conj/Fire      0%         2d4       99%         4
 Olgreb's Toxic Radiance  Pois           0%         N/A       99%         4
 Metabolic Englaciation   Hex/Ice        0%         N/A       100%        5
 Simulacrum               Ice/Necr       0%         N/A       100%        6
 Summon Cactus Giant      Summ           0%         N/A       100%        6


Dungeon Overview and Level Annotations

Branches:
Dungeon (7/15)             Temple (0/1) D:7

Altars:
Dithmenos
Elyvilon
Hepliaklqana
Kikubaaqudgha
Makhleb
Okawaru
Ru
Xom
Yredelemnul

Shops:
D:1 (   D:3 ?   D:7 ([**


Innate Abilities, Weirdness & Mutations

Your skin changes colour to match your surroundings (Stealth+).


Message History

Blink to where?
Press: ? - help, Q - select action, (/) - cycle Dir - move target, p - skeletal warrior
As you read the scroll of blinking, it crumbles to dust.
Throw: 5 boomerangs
Press: ? - help, Q - select action, (/) - cycle Shift-Dir - straight line, f - skeletal warrior
Aim: a skeletal warrior, wielding a +0 trident (60% to hit)
You throw a boomerang.
The boomerang hits the skeletal warrior.
The skeletal warrior is lightly damaged.
Throw: 5 boomerangs
Press: ? - help, Q - select action, (/) - cycle Shift-Dir - straight line, f/p - skeletal warrior
Aim: a skeletal warrior, wielding a +0 trident (lightly damaged, 60% to hit)
You throw a boomerang.
The boomerang hits the skeletal warrior but does no damage.
The skeletal warrior is lightly damaged.
Throw: 5 boomerangs
Press: ? - help, Q - select action, (/) - cycle Shift-Dir - straight line, f/p - skeletal warrior
Aim: a skeletal warrior, wielding a +0 trident (60% to hit)
You throw a boomerang.
The boomerang barely misses the skeletal warrior.
The boomerang hits the skeletal warrior but does no damage.
The skeletal warrior is severely damaged.
As you read the scroll of fog, it crumbles to dust.
The scroll dissolves into smoke.
You block the skeletal warrior's attack.
The skeletal warrior hits you but does no damage.
Throw: 5 boomerangs
Press: ? - help, Q - select action, (/) - cycle Shift-Dir - straight line, f/p - skeletal warrior
Aim: a skeletal warrior, wielding a +0 trident (60% to hit)
You throw a boomerang.
The boomerang hits the skeletal warrior but does no damage.
You block the skeletal warrior's attack.
The skeletal warrior hits you with a +0 trident!
* * * LOW HITPOINT WARNING * * *
You closely miss the skeletal warrior.
The skeletal warrior hits you but does no damage.
You slash the skeletal warrior!
The skeletal warrior is lightly damaged.
The skeletal warrior hits you with a +0 trident!
You die...

..§§§§§...................#
..§§§§§§#####.............#
...§§§§.#####.............#
...#.§§§........>......####
..(#.§§................# ####
.#.#.#............)....# ##...
..###..........>......## #....
...#...#..............#######.#.#
#.....#.......zz@.............#.#
##.>.#####......#+#......######..
#.....#..................#.......
...#...#.................#.>...♣.
..###............#####...#.......
.#.#.#...........#...#...######..
...#.............#._.#...# #)#
...#.......'######...#...######'#
...........#...#.###.#......##..#


You could see 2 skeletal warriors.

Vanquished Creatures
  A skeletal warrior (D:7)
  Prince Ribbit (D:5)
  A water moccasin (D:7)
  An orc warrior (D:7)
  A sky beast (D:6)
  2 ice beasts
  A black bear (D:5)
  3 ogres
  2 centaurs (D:6)
  A phantom (D:6)
  Blork the orc (D:4)
  A kobold brigand (D:7)
  3 bullfrogs
  6 scorpions
  4 killer bees (D:7)
  A centaur zombie (D:5)
  2 bullfrog skeletons
  A centaur skeleton (D:6)
  4 hounds
  4 iguanas
  2 orc wizards
  A hound skeleton (D:3)
  A howler monkey skeleton (D:6)
  8 adders
  A white imp (D:7)
  An ufetubus (D:7)
  A worm (D:2)
  5 dart slugs
  11 orcs
  10 bats
  12 endoplasms
  2 giant cockroaches
  10 goblins
  9 hobgoblins
  3 jackals (D:4)
  3 quokkas
  7 ball pythons
  3 frilled lizards
  13 kobolds
  5 rats
149 creatures vanquished.

Vanquished Creatures (others)
  An orc priest (D:5)
  An orc (D:5)
2 creatures vanquished.

Grand Total: 151 creatures vanquished

Notes
Turn   | Place    | Note
-------+----------+-------------------------------------------
     0 | D:1      | Romesagentofchaos the Hill Orc Fighter began the quest for
                  | the Orb.
     0 | D:1      | Reached XP level 1. HP: 19/19 MP: 1/1
    51 | D:1      | Reached XP level 2. HP: 26/27 MP: 2/2
   320 | D:1      | Reached skill level 3 in Axes
   438 | D:1      | Reached XP level 3. HP: 31/33 MP: 3/3
   724 | D:1      | Found a faded altar of an unknown god.
   824 | D:1      | Found Ywuetur's Weapon Shoppe.
  1550 | D:2      | Found a burning altar of Makhleb.
  2123 | D:3      | Reached XP level 4. HP: 40/40 MP: 4/4
  2145 | D:3      | Reached skill level 4 in Axes
  2151 | D:3      | Noticed an ice beast
  2163 | D:3      | Killed an ice beast
  2164 | D:3      | Reached skill level 5 in Axes
  2164 | D:3      | Reached XP level 5. HP: 29/47 MP: 5/5
  2232 | D:3      | Reached XP level 6. HP: 31/53 MP: 6/6
  2546 | D:3      | Found Luet's Magic Scroll Shop.
  2554 | D:3      | Bought a scroll of blinking for 75 gold pieces
  2554 | D:3      | Bought a scroll of identify for 20 gold pieces
  2554 | D:3      | Bought a scroll of teleportation for 30 gold pieces
  2554 | D:3      | Bought a scroll of identify for 20 gold pieces
  2588 | D:3      | Reached skill level 6 in Axes
  3090 | D:4      | Gained mutation: Your skin changes colour to match your
                  | surroundings (Stealth+). [potion of mutation]
  3090 | D:4      | Gained mutation: You possess an exceptional clarity of
                  | mind. [potion of mutation]
  3090 | D:4      | Lost mutation: You possess an exceptional clarity of mind.
                  | [potion of mutation]
  3360 | D:4      | Reached skill level 5 in Fighting
  3398 | D:4      | Found a hazy altar of Hepliaklqana.
  3411 | D:4      | Found a shimmering altar of Xom.
  3411 | D:4      | Found a basalt altar of Yredelemnul.
  3439 | D:4      | Found an iron altar of Okawaru.
  3439 | D:4      | Found an ancient bone altar of Kikubaaqudgha.
  3847 | D:4      | Noticed Blork the orc
  3854 | D:4      | Killed Blork the orc
  3855 | D:4      | Reached XP level 7. HP: 58/61 MP: 7/7
  4358 | D:5      | Entered Level 5 of the Dungeon
  4362 | D:5      | Noticed Prince Ribbit
  4372 | D:5      | Reached skill level 7 in Axes
  4372 | D:5      | Reached skill level 5 in Armour
  4393 | D:5      | Reached skill level 1 in Throwing
  4393 | D:5      | Killed Prince Ribbit
  4426 | D:5      | Reached skill level 1 in Dodging
  4446 | D:5      | Reached XP level 8. HP: 42/70 MP: 8/8
  4595 | D:5      | Reached skill level 8 in Axes
  4797 | D:5      | Became a worshipper of Beogh the Brigand
  4914 | D:5      | Found a white marble altar of Elyvilon.
  5235 | D:6      | Reached skill level 9 in Axes
  5616 | D:6      | Reached skill level 10 in Axes
  5616 | D:6      | Reached XP level 9. HP: 55/78 MP: 9/9
  5650 | D:6      | Identified the +1 ring mail "Nacef" {rF- Str+3 Int+5}
  5965 | D:7      | Reached skill level 1 in Stealth
  5998 | D:7      | Found a staircase to the Ecumenical Temple.
  6130 | D:7      | Found Zuryxyt's Assorted Antiques.
  6131 | D:7      | Found Juddeo's Weapon Shoppe.
  6131 | D:7      | Found Xysyt's General Store.
  6131 | D:7      | Found Rowyucah's Antique Armour Shoppe.
  6140 | D:7      | Reached * piety under Beogh
  6154 | D:7      | Bought an embroidered scarf for 224 gold pieces
  6266 | D:7      | Reached skill level 11 in Axes
  6609 | D:7      | Reached skill level 5 in Shields
  6741 | D:7      | Found a sacrificial altar of Ru.
  6791 | D:7      | Noticed a skeletal warrior
  6792 | D:7      | Noticed a skeletal warrior
  6794 | D:7      | Noticed a skeletal warrior
  6802 | D:7      | Noticed a skeletal warrior
  6802 | D:7      | Noticed a skeletal warrior
  6846 | D:7      | HP: 1/79 [skeletal warrior/+0 scimitar[a skeletal warrior]
                  | (13)]
  7347 | D:7      | Killed a skeletal warrior
  7668 | D:7      | Found a shadowy altar of Dithmenos.
  7767 | D:7      | HP: 2/79 [skeletal warrior/+0 trident[a skeletal warrior]
                  | (17)]
  7769 | D:7      | Mangled by a skeletal warrior

Illustrated notes

Levels and vault maps discovered:
D:1:      lemuel_arrival_rhombus, layout_basic, serial_shops,
          nicolae_lakefront_shop, shapermc_ecumenical_altar_gd
D:2:      layout_loops_ring, basic_altar
D:3:      layout_loops_corners, serial_shops, shop, minmay_joined_circles
D:4:      layout_basic, minmay_overflow_temple_star_hex,
          wad_floor_pattern_untrapped, hangedman_glass_teeth, uniq_blork_the_orc
D:5:      layout_rooms, lemuel_tele_altar, uniq_prince_ribbit1
D:6:      layout_rooms, minmay_holes
D:7:      layout_basic, mainiacjoe_overflow_swirl, minmay_temple_entry_arrows,
          grunt_ministairs_14, minmay_shop_grid_forest,
          chequers_serial_rivers_small_b, st_stairs_6,
          kennysheep_generic_room_16

Skill      XL: |  1  2  3  4  5  6  7  8  9 |
---------------+----------------------------+-----
Fighting       | 4 5 6 7 |  7.5
Axes           | 3 5 6 7 10 11 | 11.8
Armour         | 4 5 6 7 |  7.1
Shields        | 4 5 |  5.2
Throwing       | 1 2 |  2.8
Dodging        | 1 2 |  2.9
Stealth        | 1 |  1.6
Evocations     | |  0.1

Action                   |  1- 3 |  4- 6 |  7- 9 || total
-------------------------+-------+-------+-------++-------
Melee: War axe           |   119 |   137 |   259 ||   515
Throw: Throwing net      |     1 |     1 |       ||     2
       Boomerang         |       |     6 |    40 ||    46
Invok: Convert to Beogh  |       |       |     1 ||     1
Evoke: Wand              |       |       |     1 ||     1
  Use: Potion            |     4 |     2 |     6 ||    12
       Scroll            |     4 |     4 |    14 ||    22
 Stab: Sleeping          |       |       |     2 ||     2
Armor: Scale mail        |    50 |    74 |    88 ||   212
       Ring mail         |       |       |    81 ||    81
Dodge: Dodged            |    56 |    55 |   160 ||   271
Block: Buckler           |    29 |    32 |    60 ||   121
